 Dungeon Crawl Stone Soup version 0.25-a0-591-g2ad0d861f1 (webtiles) character file.

Game seed: 108122931767126154, levelgen mode: deterministic

118 Esekla the Ducker (level 4, -1/21 HPs)
             Began as a Spriggan Artificer on Mar 14, 2020.
             Slain by a worker ant zombie (4 damage)
             ... in an ossuary.
             The game lasted 00:15:46 (2969 turns).

Esekla the Ducker (Spriggan Artificer)              Turns: 2969, Time: 00:15:49

Health: -1/21      AC:  2    Str:  8    XL:     4   Next: 72%
Magic:  0/8        EV: 20    Int: 13    God:
Gold:   133        SH:  0    Dex: 20    Spells: 7/7 levels left

rFire    . . .     SeeInvis +   a - +0 short sword
rCold    . . .     Gourm    .   (shield restricted)
rNeg     . . .     Faith    .   b - +0 robe
rPois    .         Spirit   +   (helmet restricted)
rElec    .         Reflect  .   n - scarf {Spirit}
rCorr    .         Harm     .   (gloves unavailable)
MR       .....                  (boots unavailable)
Stlth    +++.......             (no amulet)
HPRegen  0.07/turn              p - +4 ring of dexterity
MPRegen  0.11/turn              (no ring)

@: flying, very quick
A: very small, unfitting armour, see invisible, herbivore, speed 3, slow
metabolism 2
a: no special abilities


You were in an ossuary.
You were not hungry.

You visited 1 branch of the dungeon, and saw 4 of its levels.
You also visited: Ossuary.

You collected 133 gold pieces.

Inventory:

Hand Weapons
 a - a +0 short sword (weapon)
Armour
 b - a +0 robe (worn)
 n - a scarf of spirit shield (worn)
Jewellery
 p - a +4 ring of dexterity (left hand)
Wands
 c - a wand of flame (8)
 d - a wand of enslavement (15)
 e - a wand of random effects (23)
Scrolls
 g - 2 scrolls of identify
 h - a scroll of amnesia {unknown}
 j - 3 scrolls of remove curse {unknown}
 l - a scroll of noise {unknown}
Potions
 m - 2 potions of resistance
Comestibles
 f - 7 rations


   Skills:
 - Level 0.7 Fighting
 * Level 3.4 Short Blades
 * Level 4.4 Dodging
 + Level 2.9 Stealth
 * Level 2.0 Spellcasting
 - Level 4.0 Evocations


You had 7 spell levels left.
You didn't know any spells.
Your spell library was empty.

Dungeon Overview and Level Annotations

Branches:
Dungeon (4/15)             Temple (0/1) D:4         Ossuary (1/1)

Altars:
Cheibriados

Annotations:
D:2 Terence


Innate Abilities, Weirdness & Mutations

You are very small and have problems with some larger weapons.
You are too small for most types of armour.
You have supernaturally acute eyesight. (SInv)
You are a herbivore.
You cover ground extremely quickly.
You need to consume almost no food.


Message History

The bog mummy completely misses you. The adder zombie completely misses you.
The worker ant zombie misses you.
You barely miss the worker ant zombie. The killer bee zombie misses you.
The adder zombie misses you.
The worker ant zombie splashes around in the water.
The bog mummy points at you and mumbles some strange words.
The puff of frost hits you. The killer bee zombie misses you.
You hit the worker ant zombie.
The worker ant zombie is lightly damaged.
The killer bee zombie hits you.
* * * LOW HITPOINT WARNING * * *
The adder zombie completely misses you.
The worker ant zombie splashes around in the water.
You feel better. The killer bee zombie hits you! The adder zombie misses you.
The killer bee zombie completely misses you.
The bog mummy points at you and mumbles some strange words.
The puff of frost hits you.
* * * LOW HITPOINT WARNING * * *
The worker ant zombie bites you.
You die...

.......≈.≈≈..###≈≈#
'##'##'##.##≈≈##Z#
#...#≈+P≈#≈≈##
#.∩.#.##≈Z##≈#
#∩..#≈.P##≈≈≈#
#####.≈##≈#≈##
≈..≈≈ZP≈#≈##
###≈ZZ##Z# #≈.P@Z##
#≈≈#MZ# #.≈M##≈≈#
#≈#≈ ##≈# .. ≈. #
≈≈ ≈≈≈ ≈ #.#≈ ≈#≈≈


You could see a mummy, a bog mummy, an adder zombie, a bullfrog zombie, 3 worker
ant zombies and a killer bee zombie.

Vanquished Creatures
  A hound zombie (Ossuary)
  2 mummies (Ossuary)
  5 adders
  A worm (D:3)
  2 dart slugs (D:1)
  2 leopard geckos (D:1)
  An orc (D:4)
  4 bats (D:1)
  A giant cockroach (D:1)
  2 hobgoblins
  A ball python (D:1)
  2 goblins
  3 kobolds
  An orc skeleton (D:4)
  4 rats
32 creatures vanquished.

Vanquished Creatures (others)
  7 toadstools (D:4)
  2 withered plants (Ossuary)
9 creatures vanquished.

Grand Total: 41 creatures vanquished

Notes
Turn   | Place    | Note
-------+----------+-------------------------------------------
     0 | D:1      | Esekla the Spriggan Artificer began the quest for the Orb.
     0 | D:1      | Reached XP level 1. HP: 9/9 MP: 4/4
   340 | D:1      | Reached skill level 1 in Spellcasting
   340 | D:1      | Reached XP level 2. HP: 6/14 MP: 6/6
   942 | D:1      | Reached XP level 3. HP: 7/17 MP: 7/7
  1658 | D:2      | Found a snail-covered altar of Cheibriados.
  1835 | D:2      | Noticed Terence
  2465 | D:4      | Reached XP level 4. HP: 21/21 MP: 8/8
  2749 | D:4      | Found a sand-covered staircase.
  2850 | Ossuary  | Entered an ossuary
  2928 | Ossuary  | HP: 1/21 [cloud of steam (8)]
  2969 | Ossuary  | Slain by a worker ant zombie

Levels and vault maps discovered:
D:1:      eino_arrival_water_star, layout_basic, st_stairs_2,
          minmay_misc_feat_alley
D:2:      layout_basic, nicolae_overflow_hidden_temple,
          corexii_leaking_fountain, uniq_terence
D:3:      layout_loops_cross, okawaru_ov_weapons_minmay,
          fedhas_altar_fruit_tree, st_stairs_3, grunt_decor_fettered
D:4:      cheibrodos_fertilizer, layout_loops_ring,
          lemuel_coloured_pillars_altar, minmay_temple_entry_glassed_door,
          nicolae_ossuary_entry_catacombs
Ossuary:  ossuary_zaba_flooded

Skill      XL: |  1  2  3  4 |
---------------+-------------+-----
Spellcasting   | 1 2 |  2.0
Stealth        | 2 |  2.9
Short Blades   | 2 3 |  3.4
Dodging        | 4 |  4.4
Fighting       | |  0.7
Evocations     | |  4.0

Action                   |  1- 3 |  4- 6 || total
-------------------------+-------+-------++-------
Melee: Short sword       |   135 |    30 ||   165
Evoke: Wand              |       |    10 ||    10
  Use: Scroll            |     3 |     2 ||     5
       Potion            |       |     3 ||     3
 Stab: Sleeping          |     7 |     1 ||     8
       Distracted        |       |     1 ||     1
Armor: Robe              |     8 |     1 ||     9
Dodge: Dodged            |    95 |    33 ||   128

Table legend:
 A = Non-vault XP
 B = Vault XP
 C = Vault XP percentage of total XP
 D = Non-vault monster count
 E = Vault monster count
 F = Vault count percentage of total count
                 A         B        C        D         E       F
            +---------+---------+-------+---------+---------+-------
      Total |     109 |      60 |  35.5 |      26 |       6 |  18.8
            +---------+---------+-------+---------+---------+-------
        D:1 |      40 |       3 |   7.0 |      14 |       2 |  12.5
        D:2 |      34 |       0 |   0.0 |       8 |       0 |   0.0
        D:3 |      19 |       0 |   0.0 |       2 |       0 |   0.0
        D:4 |      16 |       1 |   5.9 |       2 |       1 |  33.3
    Ossuary |       0 |      56 | 100.0 |       0 |       3 | 100.0
            +---------+---------+-------+---------+---------+-------
